 Dungeon Crawl Stone Soup version 0.24-a0-530-g18ba70b503 (webtiles) character file.

Game seed: 6135948992034364492

13979 Froggeryz the Arsonist (level 11, 0/84 HPs)
             Began as a Red Draconian Venom Mage on Aug 6, 2019.
             Was an Elder of Vehumet.
             Slain by a komodo dragon (21 damage)
             ... on level 2 of the Lair of Beasts on Aug 7, 2019.
             The game lasted 00:44:16 (13275 turns).

Froggeryz the Arsonist (Red Draconian Venom Mage)  Turns: 13275, Time: 00:44:16

Health: 0/84       AC:  9    Str: 11    XL:     11   Next: 82%
Magic:  19/23      EV: 12    Int: 18    God:    Vehumet [****..]
Gold:   432        SH:  6    Dex: 12    Spells: 11/26 levels left

rFire    + . .     SeeInvis .   d - +2 short sword (elec)
rCold    + . .     Gourm    .   z - +1 buckler
rNeg     + . .     Faith    .   (armour unavailable)
rPois    .         Spirit   .   (helmet restricted)
rElec    .         Reflect  .   (no cloak)
rCorr    .         Harm     .   u - +0 pair of gloves
MR       .....                  k - +0 pair of boots
Stlth    ++........             (no amulet)
HPRegen  0.24/turn              f - ring of protection from cold
MPRegen  0.18/turn              s - ring of positive energy

@: radiating poison
A: breathe fire, unfitting armour, fire resistance 1, cold-blooded, AC +7
a: Breathe Fire, Renounce Religion


You were on level 2 of the Lair of Beasts.
You worshipped Vehumet.
Vehumet was greatly pleased with you.
You were hungry.

You visited 3 branches of the dungeon, and saw 13 of its levels.

You collected 432 gold pieces.

Inventory:

Hand Weapons
 d - a +2 short sword of electrocution (weapon)
Missiles
 r - 4 curare-tipped darts (quivered)
Armour
 k - a +0 pair of boots (worn)
 u - a +0 pair of gloves (worn)
 z - a +1 buckler (worn)
Magical Staves
 a - an uncursed staff of air
Jewellery
 f - a ring of protection from cold (left hand)
 p - an uncursed ring of resist corrosion
 q - an uncursed ring of stealth
 s - a ring of positive energy (right hand)
 B - an uncursed ring of protection from fire
 C - the amulet of the Air {Inacc +Fly rElec EV+5 RMsl}
   (You found it on level 7 of the Dungeon)

   [amulet of inaccuracy]

   It reduces the accuracy of all your attacks.
   It affects your evasion (+5).
   It insulates you from electricity.
   It lets you fly.
   It protects you from missiles.
 D - an uncursed ring of positive energy
Wands
 n - a wand of flame (10)
 v - a wand of random effects (14)
 J - a wand of paralysis (7)
Scrolls
 c - 8 scrolls of identify
 e - 2 scrolls of enchant weapon
 g - 4 scrolls of teleportation
 h - 2 scrolls of immolation
 y - 6 scrolls of remove curse
 F - a scroll of amnesia
 G - a scroll of enchant armour
Potions
 i - 3 potions of lignification
 l - a potion of flight
 m - 3 potions of curing
 o - 2 potions of haste
 t - 3 potions of might
 w - 2 potions of agility
 x - a potion of berserk rage {unknown}
 A - a potion of cancellation {unknown}
 E - a potion of brilliance {unknown}
 H - a potion of mutation {unknown}
Comestibles
 b - 22 rations


   Skills:
 - Level 4.1 Fighting
 + Level 2.1 Short Blades
 - Level 1.7 Dodging
 - Level 1.7 Stealth
 - Level 5.1 Shields
 - Level 8.0 Spellcasting
 + Level 4.1 Conjurations
 - Level 7.0 Translocations
 + Level 10.8 Fire Magic
 - Level 3.1 Air Magic
 - Level 10.0 Poison Magic


You had 11 spell levels left.
You knew the following spells:

 Your Spells              Type           Power        Failure   Level  Hunger
a - Sting                 Conj/Pois      ####         1%          1    None
b - Mephitic Cloud        Conj/Pois/Air  ####....     1%          3    #......
c - Olgreb's Toxic Radia  Pois           #####...     1%          4    ###....
d - Throw Flame           Conj/Fire      ####..       1%          2    None
e - Conjure Flame         Conj/Fire      ####....     1%          3    #......
f - Blink                 Tloc           N/A          1%          2    None

Your spell library contained the following spells:

 Spells                   Type           Power        Failure   Level  Hunger
 Force Lance              Conj/Tloc      ####....     2%          4    ###....
 Apportation              Tloc           ####..       1%          1    None
 Magic Dart               Conj           ###.         1%          1    None
 Poisonous Vapours        Pois/Air       ####..       1%          2    None
 Inner Flame              Hex/Fire       ####....     1%          3    #......
 Venom Bolt               Conj/Pois      ####......   4%          5    #####..
 Portal Projectile        Hex/Tloc       ###...       7%          3    #......
 Animate Skeleton         Necr           N/A          10%         1    None
 Confusing Touch          Hex            #.....       10%         1    None
 Corona                   Hex            #......      10%         1    None
 Summon Small Mammal      Summ           #...         10%         1    None
 Call Imp                 Summ           #.......     14%         2    None
 Slow                     Hex            #.......     14%         2    None
 Cause Fear               Hex            #.........   67%         4    ###....
 Leda's Liquefaction      Hex/Erth       #.........   67%         4    ###....


Dungeon Overview and Level Annotations

Branches:
Dungeon (10/15)            Temple (1/1) D:4            Lair (2/6) D:8
    Orc (0/2) D:9
  Swamp: Lair:2-4    Shoals: Lair:2-4     Snake: Lair:2-4    Spider: Lair:2-4

Altars:
Ashenzari
Cheibriados
Dithmenos
Elyvilon
Fedhas
Gozag
Hepliaklqana
Kikubaaqudgha
Makhleb
Nemelex Xobeh
Okawaru
Qazlal
Ru
Sif Muna
Trog
Uskayaw
Vehumet
Wu Jian
Xom
Yredelemnul
Zin
The Shining One

Shops:
D:5 }   D:6 (

Annotations:
D:6 exclusion: door


Innate Abilities, Weirdness & Mutations

You can breathe blasts of fire.
Your fiery red scales are hard. (AC +7)
You cannot fit into any form of body armour.
Your flesh is heat resistant. (rF+)
You are cold-blooded and may be slowed by cold attacks.


Message History

The komodo dragon bites you!!
Unknown command.
Your toxic aura wanes.
The komodo dragon looks more healthy.
Casting: Olgreb's Toxic Radiance (safe; 1% risk of failure)
Confirm with . or Enter, or press ? or * to list all spells.
You begin to radiate toxic energy.
The komodo dragon is poisoned.
The komodo dragon bites you!!
* * * LOW HITPOINT WARNING * * *
Unknown command.
Unknown command.
The komodo dragon looks even sicker.
The komodo dragon looks even sicker.
Your toxic aura wanes.
The komodo dragon looks more healthy.
Casting: Olgreb's Toxic Radiance (safe; 1% risk of failure)
Confirm with . or Enter, or press ? or * to list all spells.
You begin to radiate toxic energy.
The komodo dragon is poisoned.
The komodo dragon looks even sicker.
The komodo dragon bites you!!
You die...

#....# ######...### #########..
#..#. #.#....### ##..#P##)###
#....##.##..## #P..........
###P.....#..## ###.........
.#...........###### #.........
#..............#..# ###.........
#................####.#.........
#.....<...........#..#..........
#..............@l..........รท....
##.....................##.##....
#...............############...
#.#.#.......###.# ##.#
#####.##.#P## ### ### #.#######
##


You could see a komodo dragon.

Vanquished Creatures
  3 komodo dragons
  3 spiny frogs (Lair:1)
  A troll (D:10)
  A hornet (D:10)
  A hippogriff (D:9)
  3 blink frogs (Lair:1)
  A wyvern (D:10)
  4 hogs (D:8)
  A human (D:8)
  6 yaks (D:9)
  2 hungry ghosts
  A water moccasin (Lair:2)
  Duvessa (D:5)
  6 porcupines
  8 orc warriors
  An ice beast (D:7)
  A hornet zombie (D:9)
  2 sky beasts
  2 black bears
  A phantom (D:7)
  4 ogres
  2 centaurs
  28 wolves (Lair:1)
  4 crocodiles
  4 big kobolds (D:6)
  9 bullfrogs
  A gnoll sergeant (D:9)
  4 scorpions
  Dowan (D:5)
  10 killer bees (D:9)
  10 wights
  3 spriggan skeletons (D:9)
  A howler monkey (D:4)
  4 crimson imps
  A bullfrog zombie (D:7)
  3 jellies
  A hound (D:6)
  3 centaur skeletons
  2 centaur zombies
  7 orc priests
  Jessica (D:3)
  10 orc wizards
  Natasha (D:3)
  6 worker ants
  A worker ant zombie (D:4)
  Robin (D:4)
  14 gnolls
  14 adders
  A shadow imp (D:8)
  An ooze (D:6)
  2 adder skeletons
  A worm (D:2)
  A dart slug (D:3)
  4 leopard geckos
  45 orcs
  2 ball pythons
  3 bats
  5 giant cockroaches
  13 goblins
  9 hobgoblins
  4 jackals (D:5)
  4 quokkas
  4 frilled lizards
  2 gnoll zombies (D:3)
  15 kobolds
  A leopard gecko zombie (D:6)
  13 rats
329 creatures vanquished.

Vanquished Creatures (collateral kills)
  A black bear (D:9)
1 creature vanquished.

Vanquished Creatures (others)
  A wight (D:9)
  8 fungi
  2 plants (D:8)
  9 toadstools (D:6)
20 creatures vanquished.

Grand Total: 350 creatures vanquished

Notes
Turn   | Place    | Note
-------+----------+-------------------------------------------
     0 | D:1      | Froggeryz the Draconian Venom Mage began the quest for the
                  | Orb.
     0 | D:1      | Reached XP level 1. HP: 14/14 MP: 3/3
   439 | D:1      | Reached XP level 2. HP: 20/20 MP: 3/5
  1239 | D:2      | Reached XP level 3. HP: 24/26 MP: 6/6
  1945 | D:2      | Found a blossoming altar of Fedhas.
  2071 | D:3      | Noticed a bullfrog
  2074 | D:3      | Reached XP level 4. HP: 33/33 MP: 8/8
  2129 | D:3      | Noticed an orc warrior
  2149 | D:2      | Learned a level 3 spell: Mephitic Cloud
  2511 | D:3      | Found a basalt altar of Yredelemnul.
  2574 | D:3      | Killed a bullfrog
  2574 | D:3      | Reached skill level 5 in Poison Magic
  2574 | D:3      | Reached XP level 5. HP: 34/38 MP: 5/9
  2576 | D:3      | Noticed Natasha
  2583 | D:3      | Killed Natasha
  2877 | D:3      | Killed an orc warrior
  2877 | D:3      | Reached skill level 1 in Air Magic
  2877 | D:3      | Reached XP level 6. HP: 25/45 MP: 7/11
  3018 | D:3      | Noticed Jessica
  3029 | D:3      | Killed Jessica
  3227 | D:4      | Found a staircase to the Ecumenical Temple.
  3242 | Temple   | Entered the Ecumenical Temple
  3249 | Temple   | Became a worshipper of Vehumet
  3278 | D:4      | Noticed Robin
  3321 | D:4      | Killed Robin
  3381 | D:4      | Found a hazy altar of Hepliaklqana.
  3588 | D:4      | Your scales start taking on a fiery red colour.
  3588 | D:4      | Reached XP level 7. HP: 50/50 MP: 10/13
  3588 | D:4      | Gained mutation: Your flesh is heat resistant. (rF+) [Red
                  | Draconian growth]
  3800 | D:4      | Upgraded the game from 0.24-a0-528-g98e85ec62a to
                  | 0.24-a0-530-g18ba70b503
  4007 | D:5      | Entered Level 5 of the Dungeon
  4138 | D:5      | Learned a level 4 spell: Olgreb's Toxic Radiance
  4180 | D:5      | Noticed Duvessa
  4180 | D:5      | Noticed Dowan
  4191 | D:5      | Killed Dowan
  4316 | D:5      | Reached XP level 8. HP: 22/57 MP: 10/14
  4388 | D:5      | Found Anappa's Gadget Boutique.
  4509 | D:5      | Reached * piety under Vehumet
  4509 | D:5      | Offered knowledge of Flame Tongue by Vehumet.
  4801 | D:5      | Killed Duvessa
  5144 | D:6      | Reached skill level 1 in Fighting
  5217 | D:6      | Found Tuofejuoku's Antique Weapon Shoppe.
  5440 | D:6      | Reached skill level 1 in Shields
  5505 | D:6      | Found a shattered altar of Ashenzari.
  5575 | D:6      | Found an ornate altar of the Wu Jian Council.
  5670 | D:6      | Offered knowledge of Throw Flame by Vehumet.
  5670 | D:6      | Reached skill level 10 in Poison Magic
  5670 | D:6      | Reached XP level 9. HP: 69/69 MP: 13/15
  5671 | D:6      | Reached ** piety under Vehumet
  5679 | D:6      | Learned a level 2 spell: Throw Flame
  5786 | D:6      | Reached skill level 1 in Fire Magic
  6570 | D:7      | Offered knowledge of Throw Frost by Vehumet.
  6805 | D:7      | Found the amulet of the Air {Inacc +Fly rElec EV+5 RMsl}
  7120 | D:8      | Reached *** piety under Vehumet
  7120 | D:8      | Reached skill level 5 in Spellcasting
  7191 | D:8      | Found a hide-covered altar of Uskayaw.
  7383 | D:8      | Found a staircase to the Lair.
  7384 | D:8      | Noticed a komodo dragon
  7407 | D:8      | Killed a komodo dragon
  7407 | D:8      | Reached skill level 5 in Shields
  7407 | D:8      | Reached skill level 5 in Fire Magic
  7629 | D:8      | Found an ancient bone altar of Kikubaaqudgha.
  7630 | D:8      | Found a blossoming altar of Fedhas.
  7643 | D:8      | Learned a level 3 spell: Conjure Flame
  7646 | D:8      | Learned a level 2 spell: Blink
  8019 | D:8      | Reached XP level 10. HP: 72/78 MP: 11/18
  8285 | D:9      | Reached skill level 1 in Translocations
  8290 | D:9      | Offered knowledge of Fulminant Prism by Vehumet.
  8797 | D:10     | Entered Level 10 of the Dungeon
  9432 | D:10     | Noticed a gargoyle
  9481 | D:9      | Reached **** piety under Vehumet
  9981 | D:9      | Reached skill level 10 in Fire Magic
 10035 | D:9      | Found a staircase to the Orcish Mines.
 10085 | D:9      | Offered knowledge of Iskenderun's Battlesphere by Vehumet.
 10232 | D:9      | Reached XP level 11. HP: 84/84 MP: 12/20
 10242 | D:9      | Reached skill level 5 in Translocations
 10708 | Lair:1   | Entered Level 1 of the Lair of Beasts
 10752 | Lair:1   | Reached ***** piety under Vehumet
 10763 | Lair:1   | Offered knowledge of Force Lance by Vehumet.
 12261 | Lair:1   | Reached skill level 1 in Short Blades
 13275 | Lair:2   | Slain by a komodo dragon

Levels and vault maps discovered:
D:1:      sevenhm_arrival_forest_fort_large_4, layout_loops_ring
D:2:      layout_basic, fedhas_altar_fruit_tree
D:3:      layout_basic, lemuel_zombie_altar_yredelemnul, uniq_natasha,
          uniq_jessica
D:4:      layout_basic, lemuel_doored_altar, minmay_temple_entry_stoned_glass,
          first_ration, uniq_robin
D:5:      layout_loops_ring, serial_shops, shop_statue, uniq_duvessa
D:6:      cheibrodos_fertilizer, layout_loops_cross,
          nicolae_overflow_hidden_temple, nicolae_ashenzari_panopticon,
          serial_shops, shop, due_unseen_surprise
D:7:      layout_rooms, water_maze_lemuel
D:8:      lemuel_ice_spiral_2, layout_basic,
          grunt_temple_overflow_growth_and_decay,
          eat_drink_and_be_merry_uskayaw, david_lair_shrubbed, grunt_livestock
D:9:      layout_rooms, erik_orc_2, hangedman_tell_no_tales
D:10:     layout_basic, gammafunk_ghost_wrathful_warriors, uniq_sonja
Temple:   nicolae_temple_no_exploring_needed
Lair:1:   layout_regular_city, grunt_forest_large_clearings
Lair:2:   layout_cave_pods, beast_lair_carwin_1, uniq_fannar

Skill      XL: |  1  2  3  4  5  6  7  8  9 10 11 |
---------------+----------------------------------+-----
Poison Magic   | 4 5 6 8 10 | 10.0
Spellcasting   | 3 4 5 6 8 |  8.0
Air Magic      | 1 2 3 |  3.1
Conjurations   | 2 4 |  4.1
Fighting       | 3 4 |  4.1
Shields        | 2 5 |  5.1
Fire Magic     | 5 10 | 10.8
Translocations | 4 7 |  7.0
Short Blades   | 2 |  2.1
Dodging        | |  1.7
Stealth        | |  1.7

Action                   |  1- 3 |  4- 6 |  7- 9 | 10-12 || total
-------------------------+-------+-------+-------+-------++-------
Melee: Unarmed           |    24 |       |       |       ||    24
       Tailslap          |     7 |     8 |    29 |    26 ||    70
       Short sword       |    57 |    86 |   252 |   203 ||   598
Throw: Dart              |       |       |       |     1 ||     1
 Cast: Sting             |    35 |    68 |    73 |    61 ||   237
       Olgreb's Toxic Ra |       |       |    15 |    57 ||    72
       Mephitic Cloud    |       |       |     7 |     4 ||    11
       Throw Flame       |       |       |    18 |    54 ||    72
       Conjure Flame     |       |       |       |    10 ||    10
       Blink             |       |       |       |     1 ||     1
 Abil: Breathe Fire      |       |       |       |     8 ||     8
Evoke: Wand              |       |       |     7 |    26 ||    33
  Use: Scroll            |       |     1 |    11 |     4 ||    16
       Potion            |       |       |     3 |     3 ||     6
 Stab: Sleeping          |     4 |     1 |     1 |       ||     6
       Confused          |       |       |     1 |     3 ||     4
       Distracted        |       |       |       |     1 ||     1
       Paralysed         |       |       |       |     9 ||     9
  Eat: Chunk             |     3 |     6 |    10 |    19 ||    38
       Ration            |       |       |     2 |     2 ||     4
Armor: Skin              |    22 |    11 |    89 |    64 ||   186
Dodge: Dodged            |    77 |    55 |   133 |   144 ||   409
Block: Buckler           |       |       |     8 |    80 ||    88

Table legend:
 A = Non-vault XP
 B = Vault XP
 C = Vault XP percentage of total XP
 D = Non-vault monster count
 E = Vault monster count
 F = Vault count percentage of total count
                 A         B        C        D         E       F
            +---------+---------+-------+---------+---------+-------
      Total |   12581 |    7389 |  37.0 |     244 |      86 |  26.1
            +---------+---------+-------+---------+---------+-------
        D:1 |      29 |       0 |   0.0 |      18 |       0 |   0.0
        D:2 |      65 |       0 |   0.0 |      22 |       0 |   0.0
        D:3 |     379 |      75 |  16.5 |      33 |       4 |  10.8
        D:4 |     500 |      26 |   4.9 |      15 |       8 |  34.8
        D:5 |     592 |     208 |  26.0 |      23 |       2 |   8.0
        D:6 |    1217 |     393 |  24.4 |      30 |       6 |  16.7
        D:7 |    1023 |       0 |   0.0 |      17 |       0 |   0.0
        D:8 |     744 |    1221 |  62.1 |      23 |       6 |  20.7
        D:9 |    2885 |    1512 |  34.4 |      37 |      27 |  42.2
       D:10 |    1503 |       0 |   0.0 |      10 |       0 |   0.0
     Lair:1 |    3395 |    3428 |  50.2 |      14 |      29 |  67.4
     Lair:2 |     249 |     526 |  67.9 |       2 |       4 |  66.7
            +---------+---------+-------+---------+---------+-------
